Cogmind - Beta 13 @@@ ROGUE MODE // 2024.03.25 @ 20:59:12 Player: Dosh Result: Destroyed by DAS Turret with DAS Cannon Performance ------------- Evolutions (1) 500 Regions Visited (5) 1000 Robots Destroyed (109) 545 Value Destroyed (2709) 2709 Prototype IDs (8) 160 Alien Tech Used (0) 0 Bonus (253) 253 TOTAL SCORE: 5167 Bonus ------- High Alert Combat Kills 294 Friendly Fire -41 Cogmind --------- Core Integrity 0/400 Matter 89/300 Energy 100/100 System Corruption 1% Temperature Cool (0) Movement Treading (480) Ox4 Location -9/Exiles Parts ------- > --- POWER (1) -------- (None) > --- PROPULSION (2) --- Light Treads > --- UTILITY (4) ------ Cooling System Huge Storage Unit Advanced Targeting Computer Hardened Light Armor Plating > --- WEAPON (2) ------- Flak Cannon Flak Cannon > --- INVENTORY (25) --- Light Ion Engine Cooling System High-capacity Matter Pod (0) Structural Scanner Experimental Sensor Array Transport Network Coupler Advanced Targeting Computer Improved Weapon Shielding Medium Armor Plating Medium Armor Plating Hardened Light Armor Plating Hacking Suite Hacking Suite Trap Extractor (0/4) Splice Drone Bay (6/6) Light EM Pulse Cannon Advanced Beam Cannon Advanced Beam Cannon Rocket Launcher Datajack Peak State ------------ > --- POWER ------------ Reinforced Ion Engine > --- PROPULSION ------- Light Treads Light Treads > --- UTILITY ---------- Huge Storage Unit Experimental Sensor Array Transport Network Coupler Advanced Targeting Computer > --- WEAPON ----------- Flak Cannon Rocket Launcher > --- INVENTORY -------- Light Ion Engine Light Treads Light Treads Cooling System Cooling System High-capacity Storage Unit High-capacity Matter Pod Structural Scanner Transport Network Coupler Advanced Targeting Computer Improved Weapon Shielding Medium Armor Plating Medium Armor Plating Medium Armor Plating Hardened Light Armor Plating Hardened Light Armor Plating Hacking Suite Hacking Suite Trap Extractor Splice Drone Bay Light EM Pulse Cannon Advanced Beam Cannon Flak Cannon Flak Cannon Datajack [Rating: 28] Favorites ----------- Power Reinforced Ion Engine Engine Reinforced Ion Engine Propulsion Light Treads Treads Light Treads Utility Medium Armor Plating Device Cooling System Storage Huge Storage Unit Processor Advanced Targeting Computer Protection Medium Armor Plating Weapon Flak Cannon Energy Gun EM Shotgun Energy Cannon Advanced Beam Cannon Ballistic Gun Assault Rifle Ballistic Cannon Flak Cannon Launcher Rocket Launcher Build | -11 -10 -10 -9 -9 -9 ------- Run | Yrd Mat Min Mat Min Exi Slots Evolved 2 | . . . 2 . . Power . | . . . . . . Propulsion . | . . . . . . Utility 2 | . . . 2 . . Weapon . | . . . . . . Parts Attached 72 | 6 11 8 34 4 9 Power 6 | 1 2 . 3 . . Engine 6 | 1 2 . 3 . . Core . | . . . . . . Reactor . | . . . . . . Propulsion 15 | 2 2 2 7 . 2 Treads 15 | 2 2 2 7 . 2 Leg . | . . . . . . Wheel . | . . . . . . Hover . | . . . . . . Flight . | . . . . . . Utility 29 | 1 5 3 14 2 4 Device 7 | . . 1 4 1 1 Storage 8 | 1 3 . 3 . 1 Processor 3 | . 1 . 2 . . Hackware . | . . . . . . Protection 11 | . 1 2 5 1 2 Artifact . | . . . . . . Weapon 22 | 2 2 3 10 2 3 Energy Gun 4 | . 1 2 1 . . Energy Cannon 3 | . . . 2 1 . Ballistic Gun 5 | 2 . 1 2 . . Ballistic Cannon 6 | . 1 . 3 . 2 Launcher 4 | . . . 2 1 1 Special Weapon . | . . . . . . Impact Weapon . | . . . . . . Slashing Weapon . | . . . . . . Piercing Weapon . | . . . . . . Special Melee Weapon . | . . . . . . Unidentified Prototypes 2 | . . 1 . 1 . Parts Lost 16 | . 2 4 5 . 5 Power 5 | . 2 1 1 . 1 Propulsion 3 | . . . . . 3 Utility 2 | . . . 2 . . Weapon 6 | . . 3 2 . 1 Highest Loss Streak 3 | . 1 3 2 . 2 To Critical Strikes 4 | . . . . . 4 Average Slot Usage (%) 97 | . 98 92 97 100 94 Engine 10 | . 14 7 10 11 11 Treads 23 | . 27 28 22 22 16 Device 6 | . . . 10 . 4 Storage 11 | . 14 14 11 11 9 Processor 8 | . 1 . 6 22 16 Protection 13 | . 11 14 14 10 13 Energy Gun 3 | . 11 7 1 . . Energy Cannon 6 | . . . 8 4 4 Ballistic Gun 3 | . 6 6 3 . . Ballistic Cannon 9 | . 9 14 7 11 16 Launcher 1 | . . . . 6 . Naked Turns . | . . . . . . Heaviest Build 112 | 11 96 56 112 107 109 Greatest Support 40 | 40 40 40 40 40 40 Greatest Overweight (x) 5 | . 2 1 2 2 5 Average Overweight (x) 1 | . . 1 1 2 2 Largest Inventory Capacity 25 | 8 25 20 25 25 25 Average Capacity 22 | 6 19 20 22 25 21 Most Carried 25 | 2 14 16 25 25 24 Average Carried 19 | . 10 13 20 24 18 Final Capacity 25 | 8 20 20 25 25 25 Final Carried 25 | 2 14 16 25 24 20 Class Distribution -------------------- 58% | Mutant 41% | Scavenger-Mutant Dominant Class ---------------- Mutant | -10/Materials Mutant | -10/Mines Mutant | -9/Materials Scavenger-Mutant | -9/Mines Mutant | -9/Exiles Resources | -11 -10 -10 -9 -9 -9 ----------- Run | Yrd Mat Min Mat Min Exi Matter Collected 2231 | 225 476 208 912 208 202 Remotely . | . . . . . . Salvage Created 3217 | . 742 341 1990 117 27 Parts 224 | . 49 18 144 13 . Haulers Intercepted 8 | . 2 . 6 . . Recyclers Shooed 2 | . . . 2 . . Parts Field Recycled . | . . . . . . Retrieved Matter . | . . . . . . Parts Self-Destructed . | . . . . . . Prevented . | . . . . . . Kills | -11 -10 -10 -9 -9 -9 ------- Run | Yrd Mat Min Mat Min Exi Combat Hostiles Destroyed 87 | . 14 9 45 11 8 Guns 25 | . 11 3 11 . . Cannons 38 | . 2 6 21 7 2 AOE 23 | . 1 . 12 4 6 Classes Destroyed 14 | . 7 2 4 . 1 Worker 3 | . 1 . 2 . . Builder 5 | . 1 . 4 . . Tunneler 1 | . . . 1 . . Hauler 8 | . 2 . 6 . . Recycler 2 | . . 1 1 . . Mechanic 2 | . . . 2 . . Operator 4 | . 2 . 2 . . Watcher 8 | . 3 . 5 . . Swarmer 17 | . 1 3 4 9 . Grunt 47 | . 13 4 29 1 . Brawler 3 | . . . 2 1 . Protector 1 | . . . 1 . . Sentry 11 | . . 2 9 . . Assembled 7 | . . . . . 7 Best Kill Streak 11 | . 3 3 11 3 7 Combat Bots Only 10 | . 2 3 10 3 7 Max Kills in Single Turn 4 | . 2 1 4 2 3 Gunslinging . | . . . . . . Exploded 4 | . 1 . 4 2 3 Melee . | . . . . . . Uniques/NPCs Destroyed 1 | . . . . . 1 8R-AWN (-9/Exiles) Combat | -11 -10 -10 -9 -9 -9 -------- Run | Yrd Mat Min Mat Min Exi Hostile Shots Fired 331 | . 62 47 125 29 68 Missed 89 | . 20 11 35 9 14 Damage Taken 3722 | . 635 471 1172 254 1190 Core 487 | . 61 24 171 25 206 Absorbed by Shields . | . . . . . . Regen/Repaired (Parts) 159 | . 57 . 102 . . Core Remaining (%) 83 | 100 . 66 . . . Volleys Fired 245 | . 55 21 130 15 24 Largest 2 | . 2 2 2 2 2 Hottest 112 | . 80 80 112 112 112 Shots Fired 463 | . 106 39 240 30 48 Gun 200 | . 77 18 105 . . Cannon 243 | . 29 21 125 24 44 Launcher 20 | . . . 10 6 4 Special . | . . . . . . Kinetic 273 | . 74 23 118 15 43 Thermal 122 | . . . 112 9 1 Explosive 20 | . . . 10 6 4 Electromagnetic 48 | . 32 16 . . . Robot Hit Streak 17 | . 11 10 14 5 17 Robot Miss Streak 10 | . 6 7 10 7 6 Penetration Max . | . . . . . . Secondary Targets . | . . . . . . Shots Hit Robots 327 | . 65 29 170 18 45 Core Hits 242 | . 35 14 131 18 44 Critical Kills 2 | . . . 2 . . Critical Parts Destroyed . | . . . . . . Critical Strikes 3 | . 1 . 2 . . Meltdown 2 | . . . 2 . . Blast 1 | . 1 . . . . Melee Attacks . | . . . . . . Impact . | . . . . . . Slashing . | . . . . . . Piercing . | . . . . . . Sneak Attacks . | . . . . . . Combat Hostiles . | . . . . . . Follow-up Attacks . | . . . . . . Damage Inflicted 8055 | . 1051 489 4504 710 1301 Guns 2100 | . 694 218 1188 . . Cannons 3619 | . 284 269 1884 316 866 Explosions 2142 | . 66 . 1308 333 435 Melee . | . . . . . . Ramming 194 | . 7 2 124 61 . Kinetic 3277 | . 557 296 1419 160 845 Thermal 1896 | . 66 . 1653 156 21 Explosive 2076 | . . . 1308 333 435 Electromagnetic 612 | . 421 191 . . . Impact . | . . . . . . Slashing . | . . . . . . Piercing . | . . . . . . Highest Corruption 1 | . . . 1 1 1 Average Corruption 1 | . . . 1 1 1 Corruption Purged . | . . . . . . Corruption Blocked . | . . . . . . Effects 46 | . . . 15 24 7 Message Errors 12 | . . . 3 8 1 Matter Fused 12 | . . . 5 6 1 Heat Flow Errors 4 | . . . 1 3 . Energy Discharges 8 | . . . 3 3 2 Data Loss (minor) 5 | . . . 2 2 1 Data Loss (major) 2 | . . . 1 1 . Misfires 1 | . . . . . 1 Alerts 1 | . . . . 1 . Weapon Failures 1 | . . . . . 1 Overload Shots . | . . . . . . Overflow Damage 91 | . 6 . 58 17 10 Projectiles 39 | . 6 . 28 5 . Explosions 52 | . . . 30 12 10 Melee . | . . . . . . Knockbacks 42 | . 2 1 10 5 24 Impact 1 | . . . . 1 . Kinetic 40 | . 2 1 9 4 24 Secondary 1 | . . . 1 . . Self-Inflicted Damage 191 | . 37 . 38 96 20 Shots 8 | . 1 . 1 4 2 Rammed 32 | . 1 . 23 8 . Targets Rammed 33 | . 1 1 23 8 . Kicked . | . . . . . . Crushed 1 | . . 1 . . . Highest Temperature 417 | . 164 183 219 345 417 Average Temperature 71 | . 44 71 35 120 161 Received Heat Transfer 957 | . 276 165 516 . . Effects 1 | . . . . . 1 Energy Bleed 1 | . . . . . 1 Siege Activations . | . . . . . . Robots Corrupted . | . . . . . . Combat Hostiles . | . . . . . . Parts Fried 2 | . 2 . . . . Impact Corruptions . | . . . . . . Robots Melted 2 | . . . 2 . . Combat Hostiles 1 | . . . 1 . . Parts Melted 4 | . . . 4 . . Heat Transferred 3025 | . 100 . 2629 259 37 Parts Sabotaged . | . . . . . . Parts Stolen . | . . . . . . Parts Stripped . | . . . . . . Power Chain Reactions 1 | . 1 . . . . Alert | -11 -10 -10 -9 -9 -9 ------- Run | Yrd Mat Min Mat Min Exi Peak Influence 879 | . 182 125 879 364 . Initial 205 | . . 1 . 205 . Average 284 | . 70 49 438 102 . Maximum Alert Level 3 | . . . 3 1 . Low Security (%) 49 | 100 100 100 17 82 . Level 1 9 | . . . 11 17 . Level 2 35 | . . . 62 . . Level 3 5 | . . . 9 . . Level 4 . | . . . . . . Level 5 . | . . . . . . High Security . | . . . . . . Max Security . | . . . . . . Squads Dispatched 13 | . 5 . 8 . . Investigation 7 | . 3 . 4 . . Extermination . | . . . . . . Reinforcement 4 | . 2 . 2 . . Assault 2 | . . . 2 . . Garrison . | . . . . . . Intercept . | . . . . . . Searches Triggered . | . . . . . . Construction Impeded . | . . . . . . Haulers Reinforced . | . . . . . . Active Scanning Responses . | . . . . . . Cargo Convoy Interrupts . | . . . . . . Stealth | -11 -10 -10 -9 -9 -9 --------- Run | Yrd Mat Min Mat Min Exi Distress Signals 3 | . . . 3 . . Communications Jammed . | . . . . . . Distress Signals . | . . . . . . Times Spotted 120 | . 24 9 68 11 8 Peak Tracking Total 9 | . 4 3 8 3 9 Tactical Retreats 2 | . . . 1 . 1 Traps | -11 -10 -10 -9 -9 -9 ------- Run | Yrd Mat Min Mat Min Exi Traps Triggered 4 | . 3 . 1 . . Indirectly . | . . . . . . Trap Hack Attempts . | . . . . . . Triggered . | . . . . . . Disarmed 4 | . 4 . . . . Reprogrammed . | . . . . . . Reused . | . . . . . . Traps Extracted . | . . . . . . Installed . | . . . . . . Triggered . | . . . . . . Machines | -11 -10 -10 -9 -9 -9 ---------- Run | Yrd Mat Min Mat Min Exi Machines Disabled 8 | . . . 5 . 3 Max in Single Turn 2 | . . . 1 . 2 Machines Repaired . | . . . . . . Machines Dismantled . | . . . . . . Machines Sabotaged . | . . . . . . Overloaded Fab Kills . | . . . . . . Hacking | -11 -10 -10 -9 -9 -9 --------- Run | Yrd Mat Min Mat Min Exi Machines Accessed 22 | . 7 1 14 . . Terminals 14 | . 5 . 9 . . Fabricators . | . . . . . . Repair Stations 3 | . 1 . 2 . . Recycling Units 3 | . 1 . 2 . . Scanalyzers 1 | . . . 1 . . Garrison Access . | . . . . . . Total Hacks 61 | . 20 1 40 . . Successful 39 | . 11 1 27 . . Failed 21 | . 9 . 12 . . Catastrophic 6 | . 3 . 3 . . Database Lockouts 1 | . . . 1 . . Manual 32 | . 13 . 19 . . Terminals 45 | . 16 . 29 . . Fabricators . | . . . . . . Repair Stations 9 | . 3 . 6 . . Recycling Units 4 | . 1 . 3 . . Scanalyzers 2 | . . . 2 . . Garrison Access . | . . . . . . Terminal Hacks 23 | . 6 1 16 . . Robot Schematic 1 | . 1 . . . . Robot Analysis 4 | . 2 . 2 . . Prototype ID Bank 3 | . 1 . 2 . . Open Door 1 | . . 1 . . . Terminal Index 1 | . . . 1 . . Alert Level 3 | . 1 . 2 . . Unreport Threat 4 | . . . 4 . . Locate Traps 2 | . . . 2 . . Disarm Traps 1 | . 1 . . . . Transport Status 2 | . . . 2 . . Hauler Manifests 1 | . . . 1 . . Fabricator Hacks . | . . . . . . Repair Station Hacks 6 | . 2 . 4 . . Scan Component 3 | . 1 . 2 . . Repair 3 | . 1 . 2 . . Recycling Unit Hacks 1 | . . . 1 . . Retrieve Components 1 | . . . 1 . . Scanalyzer 2 | . . . 2 . . Insert Component 1 | . . . 1 . . Analyze 1 | . . . 1 . . Garrison Access Hacks . | . . . . . . Unauthorized Hacks 7 | . 3 . 4 . . Terminals 4 | . 2 . 2 . . Botnet 3 | . 1 . 2 . . Operators 1 | . 1 . . . . Fabricators . | . . . . . . Repair Stations . | . . . . . . Recycling Units 3 | . 1 . 2 . . Tunnel 3 | . 1 . 2 . . Scanalyzers . | . . . . . . Garrison Access . | . . . . . . Data Cores Recovered . | . . . . . . Used . | . . . . . . Hacking Detections 17 | . 6 . 11 . . Full Trace Events 2 | . . . 2 . . Feedback Events 1 | . . . 1 . . Corruption 1 | . . . 1 . . Feedback Blocked . | . . . . . . Robot Schematics Acquired 1 | . 1 . . . . Robots Built . | . . . . . . Authchips . | . . . . . . Time . | . . . . . . Total Robot Build Rating . | . . . . . . Part Schematics Acquired 1 | . . . 1 . . Parts Built . | . . . . . . Authchips . | . . . . . . Time . | . . . . . . Total Part Build Rating . | . . . . . . Parts Repaired 3 | . 1 . 2 . . Time 90 | . 26 . 64 . . Parts Recycled . | . . . . . . Recycled Matter . | . . . . . . Retrieved Matter . | . . . . . . Retrieved Components 9 | . . . 9 . . Parts Scanalyzed 1 | . . . 1 . . Part Schematics Acquired 1 | . . . 1 . . Parts Damaged . | . . . . . . Bothacking | -11 -10 -10 -9 -9 -9 ------------ Run | Yrd Mat Min Mat Min Exi Used RIF Installer . | . . . . . . Robots Hacked . | . . . . . . Non-combat . | . . . . . . Combat . | . . . . . . Robot Hacks Applied . | . . . . . . Relay Couplers Released . | . . . . . . Fabnet Peak Effective % . | . . . . . . Robots Rewired . | . . . . . . Allies Hacked . | . . . . . . Hacks Repelled . | . . . . . . Allies | -11 -10 -10 -9 -9 -9 -------- Run | Yrd Mat Min Mat Min Exi Total Allies 1 | . . . . 1 . Largest Group 1 | . . . . 1 . Highest-Rated Group 31 | . . . . 31 . Highest-Rated Ally 31 | . . . . 31 . Total Orders . | . . . . . . Ally Attacks . | . . . . . . Total Damage . | . . . . . . Kills . | . . . . . . Allies Corrupted . | . . . . . . Allies Melted . | . . . . . . Intel | -11 -10 -10 -9 -9 -9 ------- Run | Yrd Mat Min Mat Min Exi Robot Analysis Total 4 | . 2 . 2 . . Derelict Logs Recovered 3 | . . 1 . 2 . Drone Launches . | . . . . . . Drone Recoveries . | . . . . . . Exploration | -11 -10 -10 -9 -9 -9 ------------- Run | Yrd Mat Min Mat Min Exi Turns Passed 12788 | 74 1930 995 6980 2228 581 Spaces Moved 4201 | 43 705 382 2273 670 128 Core 4 | 4 . . . . . Treads 4197 | 39 705 382 2273 670 128 Legs . | . . . . . . Wheels . | . . . . . . Hover . | . . . . . . Flight . | . . . . . . Fastest Speed 50 | 50 160 240 240 320 160 Average Speed 275 | 149 232 240 277 320 367 Slowest Speed 560 | 160 320 240 320 320 560 Overloaded Moves . | . . . . . . Propulsion Burnouts . | . . . . . . Robots Hopped . | . . . . . . Cave-ins Triggered . | . . . . . . Exploration Rate (%) 66 | 4 94 62 99 100 40 Regions Visited 5 Branch Regions 3 Pre-discovered Areas 4 | . 1 . 2 1 . Known Exits Taken . | . . . . . . Unknown Exits Taken 5 | 1 1 1 1 1 . Scrap Searched 3 | . . 1 . 2 . Spaces Dug . | . . . . . . Terrain Destroyed 131 | . 3 . 48 71 9 Melee . | . . . . . . Projectile . | . . . . . . AOE 131 | . 3 . 48 71 9 Terrain Rammed . | . . . . . . Walls Destroyed . | . . . . . . Machines Disabled . | . . . . . . Actions | -11 -10 -10 -9 -9 -9 --------- Run | Yrd Mat Min Mat Min Exi Total 4910 | 50 887 418 2658 708 189 Wait 276 | . 98 5 155 7 11 Move 4196 | 42 704 381 2272 669 128 Hop . | . . . . . . Pick Up 56 | 2 14 2 21 2 15 Fast Attach 22 | 6 4 . 10 . 2 Attach 10 | . 2 3 2 . 3 Detach 2 | . 1 . . . 1 Swap 40 | . 5 5 22 4 4 Drop 30 | . 3 . 23 3 1 Fire 245 | . 55 21 130 15 24 Melee . | . . . . . . Ram . | . . . . . . Kick . | . . . . . . Crush 33 | . 1 1 23 8 . Escape Stasis . | . . . . . . Rewire . | . . . . . . Trap . | . . . . . . Miscellaneous . | . . . . . . Route ------- -11/Scrapyard -10/Materials (discovered 4 exits: *Mat x3 / *Min) -10/Mines (discovered 2 exits: *Mat x2) -9/Materials (discovered 5 exits: [*Mat x3] / [*Min x2]) -9/Mines (discovered 3 exits: [*Mat x2] / [*Exi]) -9/Exiles (discovered 1 exit: [*Min]) History --------- Turn | Location | Event 11 | -11/Scrapyard | Discovered new exit (range 14) 75 | -11/Scrapyard | Entered Materials 305 | -10/Materials | Build established: Mutant 343 | -10/Materials | Discovered new exit (range 9) 662 | -10/Materials | Discovered new exit (range 16) 993 | -10/Materials | Discovered new exit (range 7) 1457 | -10/Materials | Discovered new exit (range 16) 1536 | -10/Materials | Repaired Lgt. Treads 2005 | -10/Materials | Entered Mines 2177 | -10/Mines | Learned Materials machine intel 2477 | -10/Mines | Discovered new exit (range 9) 2580 | -10/Mines | Lost 3 parts (1p2w) 2653 | -10/Mines | Discovered new exit (range 10) 2951 | -10/Mines | Found the Drone Emporium 2965 | -10/Mines | Found Prototype Device 2970 | -10/Mines | Identified Splice Drone Bay 3000 | -10/Mines | Entered Materials 3000 | -9/Materials | Evolved 2 slots: Utility x2 3001 | -9/Materials | Loaded intel: 72 machine locations 3535 | -9/Materials | Central database locked down 3621 | -9/Materials | Discovered new exit (range 6) 4400 | -9/Materials | Build established: Scavenger-Mutant 4773 | -9/Materials | Discovered new exit (range 15) 5800 | -9/Materials | First assault squad dispatched 5814 | -9/Materials | Discovered new exit (range 15) 5905 | -9/Materials | Destroyed 10 combat bots 6327 | -9/Materials | Repaired Rnf. Ion Engine 6380 | -9/Materials | Discovered new exit (range 10) 6648 | -9/Materials | Build established: Mutant 7031 | -9/Materials | Discovered new exit (range 16) 7290 | -9/Materials | Repaired Cooling System 9787 | -9/Materials | Build established: Scavenger-Mutant 9980 | -9/Materials | Entered Mines 10096 | -9/Mines | Learned Materials terminal intel 10298 | -9/Mines | Learned location of Zion (-6) 10467 | -9/Mines | Found a hidden stash of uninstalled traps 10595 | -9/Mines | Deemed a non-threat by the Exiles lab entrance 10599 | -9/Mines | Discovered new exit (range 5) 11146 | -9/Mines | Discovered new exit (range 9) 11181 | -9/Mines | Received a Mining Laser from a helpful Derelict 11395 | -9/Mines | Found a damaged Exp. Sensor Array with a note attached 11402 | -9/Mines | Found Prototype Device 11403 | -9/Mines | Identified Exp. Sensor Array 11713 | -9/Mines | Discovered new exit (range 8) 12208 | -9/Mines | Entered Exiles 12256 | -9/Exiles | Discovered new exit (range 15) 12295 | -9/Exiles | Met 8R-AWN 12343 | -9/Exiles | Met EX-HEX 12432 | -9/Exiles | Met EX-BIN 12433 | -9/Exiles | Attacked by the Exiles 12478 | -9/Exiles | Core integrity fell below 50% 12480 | -9/Exiles | Destroyed 7 combat bots 12567 | -9/Exiles | Destroyed 8R-AWN 12781 | -9/Exiles | Build established: Mutant 12781 | -9/Exiles | Core integrity fell below 20% 12789 | -9/Exiles | Destroyed by DAS Turret with DAS Cannon Last Messages --------------- 12589_ Acquired Huge Storage Unit. 12596_ Acquired Adv. Targeting Computer. 12603_ Acquired Exp. Sensor Array. 12610_ Acquired Cooling System. 12622_ Acquired Lgt. Ion Engine. 12628_ Acquired Med. Armor Plating. 12635_ Acquired Rocket Launcher. 12642_ Acquired Adv. Beam Cannon. 12648_ Acquired Transport Network Coupler. 12655_ Acquired Splice Drone Bay. 12661_ Acquired Trap Extractor. 12668_ Acquired Hcp. Matter Pod. 12675_ Acquired Structural Scanner. 12681_ Acquired Hacking Suite. 12688_ Acquired Lgt. EM Pulse Cannon. 12694_ Acquired Hacking Suite. 12707_ Acquired 2 matter. 12720_ System corrupted: Matter fused (-5). 12742_ System corrupted: Component data lost. 12783_ Rnf. Ion Engine destroyed. Map ----- +----------------------------------------------------+ | ????????????????????????????# #?#""" " #????? | | ????????????????????????????# #?#"" "#????? | | ????????????????????????????# #?#"" " "#????? | | ???????????????????????????## ### " ""#????? | | ???????????????????????????#" "#????? | | ???????????????????????????#" "#????? | | ???????????????????????????#" ""#????? | | ???????????????????????????#" """#????? | | ???????????????????????????#" """#????? | | ???????????????????????????#" """## ??? | | ???????????????????????????## """"""??? | | ????????????????????????????# ""#####? | | ????????????????????????????#" "X """ # | | ????????????????????????????#" """ # """? | | ????????????????????????????# """ #????? | | ???????????????????????????##" ###"##"#????? | | ??????????????????????????##"" ####?# #?#"#???? | | ?????????????????##??######"" ##??# #??# #??? | | ????????????#X???#"###""""""" ##??# #???# #?? | | ???????????? """""" " "" ##??########"## | | ???????????? "" """ " #####""""""" " | | ??????????? " " " """ """ | | ??????????? % "" " | | ?????????? % " " | | ?????????? % " | | ?????????? @ " | | ?????????? % | | ?????????? """"" | | ??????????? ######""" | | ??????????? ""#?????#####""" | | ???????????? """#??????????##""" | | ???????????? """#????????????#"""" | | ???????????? ""?????????????#"" | | ????????????? ???????????????????""" | | ????????????? ??????????????????? | | ?????????????? ??????????????????? | | ?????????????????????????????????? | | ????????????????????????????????? | | ?????????????????????????????????? " | | ??????????????????????????????????"" """ | | ???????????????????????????????????"" " " ""#" | | ????????????????????????????????????##""" """##""" | | ???????????????????????????????????????#""????#### | | ?????????????????????????????????????????????????? | | ?????????????????????????????????????????????????? | | ?????????????????????????????????????????????????? | | ?????????????????????????????????????????????????? | | ?????????????????????????????????????????????????? | | ?????????????????????????????????????????????????? | | ?????????????????????????????????????????????????? | +----------------------------------------------------+ Best States ------------- Heat Dissipation 50 Energy Generation 12 Energy Capacity 265 Matter Stores 300 Matter Capacity 300 Sight Range 18 Robot Scan Range 20 Terrain Scan Density 10 Armor Coverage 525 Evasion (%) 40 Targeting Accuracy 8 Recoil Reduction 2 Item Schematics ----------------- Huge Storage Unit | -9/Materials | Scanalyzed Robot Schematics ------------------ M-13 Machinist | -10/Materials | Hacked Fabricated ------------ Nothing Alien Tech Used ----------------- None Achievements -------------- None Challenges ------------ None Game ------ Seed SiegePotentialSlayer Manual? 0 Play Time 00:33:13 Cumulative 303.3 hours Start 2024.03.25 @ 20:27:18 End 2024.03.25 @ 20:59:12 Sessions 2 Manual Loads 0 Difficulty Rogue Special Mode None Game No. 204 Rogue 204 Adventurer 0 Explorer 0 Win Type - Total 14 Types 9/1/1/1/1/0/0/1/0 Lore% 72 Gallery% 83 Achievement% 72 Wizard Run 0 Options --------- Layout 2 ASCII 0 Keyboard 1 Movement Numpad Keybinds 0 Fullscreen 2 Font 24/Smallcaps Map View 50x44 Zoom Use 0% Tactical HUD 1 Map Filters NONE Filters NONE Steam 1 RUN: facdd798-0747-4d82-b9c2-6281a62c9fd2